 Dungeon Sprint DCSS version 0.30.1-4-g462c640d31 (webtiles) character file.

Game seed: 4591581645199658322

833 Heoruswealwe the Warrior (level 7, -5/98 HPs)
             Began as an Ogre Gladiator on Sept 18, 2023.
             Was an Initiate of Gozag.
             Slain by Nehonul the pandemonium lord (16 damage)
             ... in the Dungeon (Sprint V: "Ziggurat Sprint").
             The game lasted 00:11:42 (434 turns).

Heoruswealwe the Warrior (Ogre Gladiator)            Turns: 434, Time: 00:11:44

Health: -5/98      AC: 10    Str: 33    XL:     7   Next: 98%
Magic:  7/7        EV:  4    Int:  9    God:    Gozag
Gold:   773        SH:  0    Dex: 10    Spells: 6/6 levels left

rFire   + + +        a - +7 great mace "Firestarter" {flame, immolate, rFlCloud rF++}
rCold   + . .        (shield currently unavailable)
rNeg    . . .        c - +5 gold dragon scales
rPois   +            g - +0 hat
rElec   .            (no cloak)
rCorr   .            (gloves unavailable)
SInv    .            (boots unavailable)
Will    .....        (no amulet) Stlth
                     k - +6 ring of strength
HPRegen 0.36/turn    j - +6 ring of strength
MPRegen 0.10/turn

%: no teleportation
@: corroded
A: large, unfitting armour, tough skin 1
a: Renounce Religion, Potion Petition, Call Merchant, Bribe Branch


You were in the Dungeon.
You worshipped Gozag.
Gozag was pleased with you.
You visited 1 branch You collected 773 gold pieces.

Inventory:

Hand Weapons
 a - the +7 great mace "Firestarter" (weapon) {flame, immolate, rFlCloud rF++}
   (You found it in the Dungeon)

   rFlCloud:  It grants immunity to clouds of flame.
   rF:        It greatly protects you from fire.
 b - the +10 dark maul {heavy}
   (You found it in the Dungeon)
 J - the +6 shillelagh "Devastator" {shatter}
   (You found it in the Dungeon)
Armour
 c - +5 gold dragon scales (worn)
 d - the +18 shield of the Gong {Loud rN+ Will+ rCorr EV-5}
   (You found it in the Dungeon)

   Loud:      It is deafeningly noisy when blocking attacks.
   EV:        It affects your evasion (-5).
   rN:        It protects you from negative energy.
   rCorr:     It protects you from acid and corrosion.
   Will:      It increases your willpower.
 g - a +0 hat (worn)
Jewellery
 j - a +6 ring of strength (right hand)
 k - a +6 ring of strength (left hand)
Scrolls
 C - 4 scrolls of blinking
Potions
 f - 10 potions of curing
 h - 6 potions of haste
 m - 2 potions of invisibility
 n - 4 potions of resistance
 p - 5 potions of might
 D - 3 potions of berserk rage
 F - 10 potions of heal wounds


   Skills:
 + Level 15.6 Fighting
 + Level 11.4 Maces & Flails
 - Level 2.0 Throwing
 - Level 2.6 Dodging


You had 6 spell levels left.
You didn't know any spells.
Your spell library contained the following spells:

 Spells                   Type           Power      Damage    Failure   Level
 Scorch                   Fire           0%         2d5       100%        2
 Flame Wave               Conj/Fire      0%         2d4       100%        4
 Summon Cactus Giant      Summ           0%         N/A       100%        6
 Ozocubu's Refrigeration  Ice            0%         4d7       100%        7
 Polar Vortex             Ice            0%         N/A       100%        9
 Simulacrum               Ice/Necr       Unusable   N/A       N/A         6

Dungeon Overview and Level Annotations

Branches:
Dungeon (1/1)

Altars:
Ashenzari
Cheibriados
Dithmenos
Elyvilon
Fedhas
Gozag
Hepliaklqana
Kikubaaqudgha
Makhleb
Nemelex Xobeh
Okawaru
Qazlal
Ru
Sif Muna
Trog
Uskayaw
Vehumet
Wu Jian
Xom
Yredelemnul
Zin
The Shining One
Jiyva
Lugonu

Annotations:
D 1 transporter


Innate Abilities, Weirdness & Mutations

You are too large for most types of armour.
You have tough skin. (AC +1)


Message History

The ironbound convoker casts a spell at the brown very ugly thing.
The brown very ugly thing seems to grow stronger.
The ironbound convoker begins to recite a word of recall!
You thump the brown very ugly thing! You burn the brown very ugly thing.
The brown very ugly thing is filled with an inner flame.
The brown very ugly thing is moderately wounded.
The ice devil is recalled.
The vampire mage is recalled.
Nehonul is recalled.
The deep elf blademaster is recalled.
The lich is recalled.
Joent is recalled.
A deep elf blademaster comes into view. It is wielding two +0 rapiers.
Nehonul comes into view. It is armed with a distorting touch.
The brown very ugly thing bites you but does no damage.
An ice devil comes into view.
A vampire mage comes into view.
A lich comes into view.
The lich casts a spell.
The lich flickers and vanishes!
Deactivating autopickup; reactivate with Ctrl-A.
Joent comes into view.
The lindwurm bites you. The lindwurm completely misses you.
The lindwurm claws you but does no damage.
You closely miss the brown very ugly thing.
The brown very ugly thing is moderately wounded.
The deep elf blademaster hits you with a +0 rapier.
The deep elf blademaster hits you with a +0 rapier!
The brown very ugly thing bites you!! The acid corrodes you!
You are splashed with acid.
The lindwurm bites you.
The lindwurm claws you but does no damage. x2
The vampire mage hits you. The vampire mage bites you.
The vampire mage draws strength from your injuries!
The ice devil barely misses you.
Joent gestures.
Joent flickers and vanishes!
You barely miss the brown very ugly thing.
The brown very ugly thing is moderately wounded.
The brown very ugly thing bites you!!
* * * LOW HITPOINT WARNING * * *
The acid corrodes you!
You are splashed with acid!
* * * LOW HITPOINT WARNING * * *
Nehonul hits you!
You die...
Your body crumbles into a pile of gold.

▓.....▓.....▓..©..▓
▓..©..▓..©..▓▓▓▓▓▓▓
▓▓▓▓▓▓▓▓▓▓▓▓▓▓▓▓▓▓▓
▓..8©8...▓..8©8...▓
▓../==...▓..:))...▓
▓...[....▓..p{)...▓
▓........▓...{....▓
▓........▓.e&ukp..▓
▓.▓....▓.▓.p4@V...▓
▓...©....▓...©....▓
▓▓▓▓▓▓▓▓▓▓▓▓▓▓▓▓▓▓▓


You could see Nehonul, a deep elf blademaster, a brown very ugly thing (inner
flame, strong), a vampire mage, a vault sentinel (catching breath), a lindwurm,
2 ironbound convokers and an ice devil.

Vanquished Creatures
  A wretched star (D)
  A water moccasin (D)
  A quasit (D)
  2 jellies (D)
  An iguana (D)
  2 adders (D)
  2 river rats (D)
  A shadow imp (D)
  An ufetubus (D)
  A jackal (D)
13 creatures vanquished.

Notes
Turn   | Place    | Note
-------+----------+-------------------------------------------
     0 | D        | Heoruswealwe the Ogre Gladiator began the quest for the
                  | Orb.
     0 | D        | Reached XP level 1. HP: 22/22 MP: 1/1
     0 | D        | Found a shimmering blue altar of Sif Muna.
     0 | D        | Found a sacrificial altar of Ru.
     0 | D        | Found a bloodstained altar of Trog.
     0 | D        | Found a stormy altar of Qazlal.
     0 | D        | Found an iron altar of Okawaru.
     0 | D        | Found a sparkling altar of Nemelex Xobeh.
     0 | D        | Found a blossoming altar of Fedhas.
     0 | D        | Found the +6 Majin-Bo {spellvamp, MP+6 Int+6}
     0 | D        | Found the +27 heavy crossbow "Sniper" {heavy, Acc+∞ SInv}
     0 | D        | Found the +10 dark maul {heavy}
     0 | D        | Found the +15 Maxwell's patent armour {-Cast -Tele rElec
                  | Will+ rCorr}
     0 | D        | Found the +18 shield of the Gong {Loud rN+ Will+ rCorr
                  | EV-5}
     0 | D        | Found the +16 obsidian axe {drain, demonic, Mesm Drain Fly
                  | SInv}
     0 | D        | Found the +7 great mace "Firestarter" {flame, immolate,
                  | rFlCloud rF++}
     0 | D        | Found the +6 shillelagh "Devastator" {shatter}
     0 | D        | Found the +11 plutonium sword {Contam Stlth-}
     0 | D        | Found the +8 lance "Wyrmbane" {slay drac, rPois rF+ rC+
                  | AC+3}
     0 | D        | Found the +9 sword of Zonguldrok {reap}
     0 | D        | Found the +13 scythe of Curses {drain, curses, Drain}
     0 | D        | Found the +9 sword of Power {lifebolt}
     0 | D        | Found the +7 mace of Variability {chaos, chaos arc}
     0 | D        | Found the +11 Singing Sword {sonic wave}
     0 | D        | Found the +8 storm bow {elec, penet}
     2 | D        | Found a transporter.
     2 | D        | Found an ancient bone altar of Kikubaaqudgha.
     2 | D        | Found a viscous altar of Jiyva.
     2 | D        | Found a corrupted altar of Lugonu.
     2 | D        | Found a hazy altar of Hepliaklqana.
     2 | D        | Found a burning altar of Makhleb.
     2 | D        | Found an opulent altar of Gozag.
    55 | D        | Became a worshipper of Gozag Ym Sagoz the Greedy
   107 | D        | Reached skill level 7 in Fighting
   107 | D        | Reached skill level 5 in Maces & Flails
   107 | D        | Reached XP level 2. HP: 40/40 MP: 2/2
   114 | D        | Entered arena 2.
   114 | D        | Found a transporter.
   118 | D        | Reached skill level 8 in Fighting
   118 | D        | Reached XP level 3. HP: 49/49 MP: 3/3
   119 | D        | Reached skill level 9 in Fighting
   119 | D        | Reached XP level 4. HP: 59/59 MP: 4/4
   131 | D        | Entered arena 3.
   131 | D        | Noticed a water moccasin
   131 | D        | Found a transporter.
   135 | D        | Killed a water moccasin
   136 | D        | Reached skill level 11 in Fighting
   136 | D        | Reached XP level 5. HP: 63/72 MP: 5/5
   151 | D        | Got the ring of Weru {*Slow rElec EV+5 Slay+2 Stlth+}
   163 | D        | Entered arena 4.
   163 | D        | Noticed a wretched star
   163 | D        | Found a transporter.
   174 | D        | Killed a wretched star
   175 | D        | Reached skill level 15 in Fighting
   175 | D        | Reached XP level 6. HP: 25/72 MP: 6/6
   175 | D        | Reached XP level 7. HP: 27/78 MP: 7/7
   377 | D        | Entered arena 5.
   377 | D        | Found a transporter.
   399 | D        | Got the ring of Juadot {rPois rF+ Will+}
   429 | D        | Entered arena 6.
   429 | D        | Noticed a brown very ugly thing
   429 | D        | Noticed an ironbound convoker
   429 | D        | Noticed a vault sentinel
   429 | D        | Noticed an ironbound convoker
   429 | D        | Noticed a lindwurm
   429 | D        | Found a transporter.
   432 | D        | Noticed a deep elf blademaster
   432 | D        | Noticed Nehonul the pandemonium lord
   432 | D        | Noticed an ice devil
   432 | D        | Noticed a vampire mage
   432 | D        | Noticed Joent the pandemonium lord
   434 | D        | Slain by Nehonul the pandemonium lord

Illustrated notes

Levels and vault maps discovered:
D:        sprint_v [room_start, room_1, room_2, room_3, room_4, room_5, room_6,
          room_7, room_8, room_9, room_10, room_11, room_12, room_13, room_14,
          room_15, room_16, room_17, room_18, room_19, room_20, room_21,
          room_22, room_23, room_24, room_25, room_26, room_27]

Skill      XL: |  1  2  3  4  5 |
---------------+----------------+-----
Fighting       | 7 8 9 11 15 | 15.6
Maces & Flails | 5 6 8 11 | 11.4
Throwing       | |  2.0
Dodging        | |  2.6

Action                     |  1- 3 |  4- 6 |  7- 9 || total
---------------------------+-------+-------+-------++-------
  Melee: Great mace        |     3 |    12 |     9 ||    24
    Use: Potion            |     1 |       |       ||     1
 Armour: Gold dragon scale |     3 |    54 |    10 ||    67
  Dodge: Dodged            |     1 |     7 |     2 ||    10
